 Dungeon Crawl Stone Soup version 0.20-a0-1000-g0e8f6bb (webtiles) character file.

202 Lochraine the Gusty (level 5, -10/41 HPs)
             Began as a Bultungin Wanderer on Apr 12, 2017.
             Killed by divine providence
             ... invoked by an orc priest
              (14 damage)
             ... on level 3 of the Dungeon.
             The game lasted 00:12:21 (4970 turns).

Lochraine the Gusty (Bultungin Wanderer)            Turns: 4970, Time: 00:12:22

Health: -10/41     AC:  5    Str: 12    XL:     5   Next: 80%
Magic:  1/12       EV: 11    Int: 15    God:
Gold:   82         SH:  0    Dex: 11    Spells: 7/13 levels left

rFire    . . .     SeeInvis +   s - +0 trident
rCold    . . .     Gourm    .   (no shield)
rNeg     . . .     Faith    .   c - +0 robe
rPois    .         Spirit   .   r - +1 hat
rElec    .         Reflect  .   (no cloak)
rCorr    .         Harm     .   (no gloves)
MR       .....                  m - +1 pair of boots
Stlth    +.........             (no amulet)
Regen    0.2/turn               (no ring)
MPRegen  0.2/turn               (no ring)

@: no status effects
A: short attention span, fangs 1, see invisible, strong nose
a: no special abilities


You were on level 3 of the Dungeon.
You were not hungry.

You visited 1 branch of the dungeon, and saw 4 of its levels.

You collected 82 gold pieces.

Inventory:

Hand Weapons
 d - a +0 dagger
 s - a +0 trident (weapon)
Armour
 c - a +0 robe (worn)
 m - a +1 pair of boots (worn)
 r - a +1 hat (worn)
Jewellery
 n - a +3 amulet of reflection {unknown}
Scrolls
 b - 2 scrolls of teleportation
 i - 2 scrolls of enchant weapon {unknown}
 j - a scroll of fear {unknown}
 l - 3 scrolls of identify {unknown}
 q - a scroll of immolation {unknown}
Potions
 e - a potion of cancellation {unknown}
 g - a potion of lignification {unknown}
 k - a potion of ambrosia {unknown}
 o - a potion of agility {unknown}
Books
 a - a book of Minor Magic

   Spells                             Type                      Level
   a - Magic Dart                     Conjuration                  1
   b - Blink                          Translocation                2
   c - Call Imp                       Summoning                    2
   d - Slow                           Hexes                        2
   e - Conjure Flame                  Conjuration/Fire             3
   f - Mephitic Cloud                 Conjuration/Poison/Air       3
Comestibles
 f - 6 bread rations
 h - a royal jelly
 p - 2 meat rations
 t - 2 chunks of flesh


   Skills:
 - Level 3.0 Fighting
 - Level 1.5 Short Blades
 - Level 1.5 Throwing
 + Level 4.8 Spellcasting
 + Level 4.5 Conjurations
 + Level 2.7 Translocations
 + Level 5.1 Air Magic
 + Level 2.7 Poison Magic
   Level 1.5 Evocations


You had 7 spell levels left.
You knew the following spells:

 Your Spells              Type           Power        Failure   Level  Hunger
a - Magic Dart            Conj           ###.         2%          1    None
b - Blink                 Tloc           N/A          12%         2    ##.....
c - Mephitic Cloud        Conj/Pois/Air  ###.....     12%         3    ###....


Dungeon Overview and Level Annotations

Branches:
Dungeon (4/15)
 Temple: D:4-7

Altars:
Ashenzari
Cheibriados
Elyvilon
Fedhas
Hepliaklqana
Vehumet
Wu Jian
The Shining One

Annotations:
D:4 Ijyb


Innate Abilities, Weirdness & Mutations

You have a short attention span.
You have very sharp teeth.
You have supernaturally acute eyesight. (SInv)
Your uncanny sense of smell can sniff out nearby items.


Message History

There is a stone staircase leading down here.
Casting: Magic Dart
Confirm with . or Enter, or press ? or * to list all spells.
Aiming: Magic Dart
Press: ? - help, Shift-Dir - straight line, f - orc priest
Aim: an orc priest, wielding a dagger and wearing a leather armour (severely wounded)
The magic dart hits the orc priest.
The orc priest is severely wounded.
The orc priest closely misses you.
You closely miss the orc priest.
The orc priest is severely wounded.
The orc priest calls down the wrath of Beogh upon you.
Pain shoots through your body!
* * * LOW HITPOINT WARNING * * *
Okay, then.
You barely miss the orc priest.
The orc priest is severely wounded.
The orc priest calls down the wrath of Beogh upon you.
Beogh smites you!
You die...

#..................##.###.
##.###############.##.#...
#.#...............##.#.#.
#####.#.#.#.#######.####.#.#.
#.....#.#.#.....# #......#.##
##.####.#.#.###.# #.###..#...
#.# #.#.#.....###......####
#.####.#.#.##....######.####
#......#...@'....+.....<....
##########.o#....######.#...
#...#..#....# #.#.##
#.#.#..#....# #.#.#
#.#.#..#....# #.#.##
#####.#.#..###### #.....
#.....#.#..# #.....
##.####.#..# ###.#### #.#
#.#..# #.......


You could see an orc priest.

Vanquished Creatures
  A bullfrog skeleton (D:4)
  Robin (D:3)
  6 adders
  5 worms
  2 dart slugs (D:2)
  2 leopard geckos
  An orc (D:3)
  10 bats
  9 giant cockroaches
  14 goblins
  8 hobgoblins
  3 jackals (D:2)
  8 kobolds
  2 ball pythons
  6 frilled lizards
  15 rats
93 creatures vanquished.

Notes
Turn   | Place    | Note
-------+----------+-------------------------------------------
     0 | D:1      | Lochraine the Bultungin Wanderer began the quest for the Orb.
     0 | D:1      | Lochraine set off with: a book of Minor Magic, 2 scrolls of teleportation, a +0 robe, a +0 dagger, a bread ration
     0 | D:1      | Reached XP level 1. HP: 18/18 MP: 4/4
     2 | D:1      | Learned a level 1 spell: Magic Dart
   122 | D:1      | Reached skill level 1 in Conjurations
   243 | D:1      | Reached XP level 2. HP: 6/24 MP: 2/6
  1218 | D:1      | Learned a level 2 spell: Blink
  1232 | D:1      | Reached XP level 3. HP: 29/29 MP: 5/8
  1669 | D:1      | Reached skill level 1 in Translocations
  2273 | D:2      | Reached XP level 4. HP: 20/35 MP: 1/10
  2352 | D:2      | Learned a level 3 spell: Mephitic Cloud
  2799 | D:2      | Found a radiant altar of Vehumet.
  2832 | D:2      | Found a blossoming altar of Fedhas.
  2832 | D:2      | Found a snail-covered altar of Cheibriados.
  2832 | D:2      | Found a white marble altar of Elyvilon.
  2838 | D:2      | Reached skill level 1 in Poison Magic
  2917 | D:2      | Found a hazy altar of Hepliaklqana.
  3434 | D:3      | Reached XP level 5. HP: 41/41 MP: 7/12
  3489 | D:3      | Noticed Robin
  3898 | D:3      | Found a shattered altar of Ashenzari.
  4071 | D:3      | Killed Robin
  4126 | D:3      | Reached skill level 5 in Air Magic
  4628 | D:3      | Found an ornate altar of the Wu Jian Council.
  4695 | D:3      | Found a glowing golden altar of the Shining One.
  4930 | D:4      | Noticed Ijyb
  4970 | D:3      | Killed from afar by an orc priest

Vault maps used:
D:1:      ncdulo_watergridlock
D:2:      minitemple
D:3:      old_standard_altar, overflow_temple_1_default, first_bread,
          nicolae_ashenzari_panopticon, uniq_robin
D:4:      serial_shops, nicolae_shop_temple_entry_statues_fountains,
          uniq_grinder, uniq_iyjb

Skill      XL: |  1  2  3  4  5 |
---------------+----------------+-----
Conjurations   | 1 2 3 4 |  4.5
Spellcasting   | 4 |  4.8
Translocations | 1 2 |  2.7
Poison Magic   | 1 2 |  2.7
Air Magic      | 5 |  5.1
Fighting       | |  3.0
Short Blades   | |  1.5
Throwing       | |  1.5
Evocations     | |  1.5

Action                   |  1- 3 |  4- 6 || total
-------------------------+-------+-------++-------
Melee: Dagger            |    61 |   111 ||   172
       Bite              |     3 |    13 ||    16
       Trident           |       |    27 ||    27
 Cast: Magic Dart        |    89 |    98 ||   187
       Mephitic Cloud    |       |     8 ||     8
  Use: Scroll            |       |     1 ||     1
 Stab: Sleeping          |     1 |     1 ||     2
       Distracted        |       |     1 ||     1
       Confused          |       |     4 ||     4
  Eat: Chunk             |     4 |     9 ||    13
Armor: Robe              |    29 |    40 ||    69
Dodge: Dodged            |    56 |    60 ||   116
